 Dungeon Sprint DCSS version 0.30.1-11-g7821555f0a (webtiles) character file.

Game seed: 3208101202789962191

5 Heoruswealwe the Trooper (level 1, -3/20 HPs)
             Began as a Minotaur Fighter on Nov 3, 2023.
             Slain by a black bear (7 damage)
             ... in the Dungeon (Sprint IX: "|||||||||||||||||||||||||||||").
             The game lasted 00:00:32 (31 turns).

Heoruswealwe the Trooper (Minotaur Fighter)           Turns: 31, Time: 00:00:33

Health: -3/20      AC:  7    Str: 20    XL:     1   Next: 66%
Magic:  0/0        EV:  9    Int:  5    God:
Gold:   0          SH:  4    Dex:  9    Spells: 0/0 levels left

rFire   . . .        a - +0 trident
rCold   . . .        d - +0 buckler
rNeg    . . .        c - +0 scale mail
rPois   .            (helmet restricted)
rElec   .            (no cloak)
rCorr   .            (no gloves)
SInv    .            (no boots)
Will    .....        (no amulet) Stlth
                     (no ring)
HPRegen 0.23/turn    (no ring)
MPRegen 0.07/turn

%: no teleportation
@: no status effects
A: horns 2, retaliatory headbutt
a: no special abilities


You were in the Dungeon.
You visited 1 branch

Inventory:

Hand Weapons
 a - a +0 trident (weapon)
Armour
 c - a +0 scale mail (worn)
 d - a +0 buckler (worn)
Potions
 b - a potion of might
 e - a potion of curing
 f - a potion of heal wounds
 g - a potion of haste
 i - a potion of berserk rage


   Skills:
 + Level 4.2 Fighting
 * Level 3.8 Polearms
 + Level 4.2 Armour
 - Level 3.6 Shields


You couldn't memorise any spells.
You didn't know any spells.
Your spell library was empty.

Dungeon Overview and Level Annotations

Branches:
Dungeon (1/1)

Altars:
Cheibriados
Dithmenos
Elyvilon
Fedhas
Gozag


Innate Abilities, Weirdness & Mutations

You have a pair of horns on your head.
You reflexively headbutt those who attack you in melee.


Message History

You hit the bat but do no damage. The bat barely misses you.
The bat hits you but does no damage.
You miss the bat. You headbutt the bat.
The bat is moderately wounded.
The bat hits you.
You hit the bat.
You kill the bat!
You hit the hobgoblin.
The hobgoblin is moderately wounded.
You block the hobgoblin's attack.
You closely miss the hobgoblin. Your headbutt misses the hobgoblin.
The hobgoblin is moderately wounded.
The hobgoblin hits you.
You hit the hobgoblin but do no damage. You headbutt the hobgoblin.
The hobgoblin is severely wounded.
The hobgoblin barely misses you.
You barely miss the hobgoblin.
The hobgoblin is severely wounded.
The hobgoblin closely misses you. x2
You hit the hobgoblin.
You kill the hobgoblin!
There is an open door to the Dungeon here.
Items here: )) †††.
Okay, then.
You open the door.
An ice beast, an orc, a gnoll, a phantom and a black bear come into view.
The orc shouts!
The gnoll shouts!
The ice beast hits you but does no damage.
The ice beast hits you. The ice beast freezes you!
Ouch! That really hurt!
* * * LOW HITPOINT WARNING * * *
The ice beast barely misses you. You furiously retaliate!
You headbutt the ice beast!
Blink to where?
Press: ? - help, Dir - move target
As you read the scroll of blinking, it crumbles to dust.
The black bear closely misses you. x2; The black bear claws you.
* * * LOW HITPOINT WARNING * * *
You open the door. The black bear bites you!
You die...

▓.▓
▓§▓
▓Y▓
▓'▓
▓o▓
▓g▓
▓W▓
▓h▓
▓@▓
▓'▓
▓_▓
▓_▓
▓_▓
▓_▓
▓_▓
▓_▓


You could see a black bear, an ice beast, a phantom, a gnoll and an orc.

Vanquished Creatures
  A ball python (D)
  A hobgoblin (D)
  2 kobolds (D)
  A bat (D)
5 creatures vanquished.

Notes
Turn   | Place    | Note
-------+----------+-------------------------------------------
     0 | D        | Heoruswealwe the Minotaur Fighter began the quest for the
                  | Orb.
     0 | D        | Reached XP level 1. HP: 19/19 MP: 0/0
    25 | D        | Noticed an ice beast
    25 | D        | Noticed a phantom
    25 | D        | Noticed a black bear
    31 | D        | Found a snail-covered altar of Cheibriados.
    31 | D        | Found a shadowy altar of Dithmenos.
    31 | D        | Found a white marble altar of Elyvilon.
    31 | D        | Found a blossoming altar of Fedhas.
    31 | D        | Found an opulent altar of Gozag.
    31 | D        | Slain by a black bear

Illustrated notes

Levels and vault maps discovered:
D:        linesprint [early_d, line_temple, items_1, d_10, items_2, lair_1,
          lair_end, items_3, orc_1, orc_end, items_4, d_15, swamp_1, shoals_1,
          snake_1, spider_1, d_20, vaults_1, items_5, swamp_end, shoals_end,
          snake_end, spider_end, vaults_end, d_27, items_6, zot_1, zot_end,
          crypt_end, forest_end, elf_end, slime_end, tomb_end, abyss_end,
          pan_hell_end]

Skill      XL: |  1 |
---------------+----+-----
Polearms       | 3 |  3.8
Fighting       | 4 |  4.2
Armour         | 4 |  4.2
Shields        | |  3.6

Action                     || total
---------------------------++-------
  Melee: Trident           ||    14
         Headbutt          ||     2
    Use: Scroll            ||     1
 Armour: Scale mail        ||     5
  Dodge: Dodged            ||     8
  Block: Buckler           ||     2
